 Dungeon Crawl Stone Soup version 0.18.1-50-g88ac8fd (webtiles) character file.

91 Amnesiac the Cutter (level 4, 0/35 HPs)
             Began as a Merfolk Fighter on Mar 10, 2018.
             Slain by a hobgoblin (3 damage)
             ... led by Robin
             ... on level 3 of the Dungeon.
             The game lasted 00:01:39 (956 turns).

Amnesiac the Cutter (Merfolk Fighter)                Turns: 956, Time: 00:01:40

Health: 0/35       AC:  6    Str: 17    XL:     4   Next: 57%
Magic:  4/4        EV:  6    Int:  7    God:
Gold:   41         SH:  9    Dex: 13    Spells: 0 memorised, 3 levels left

rFire  . . .     SeeInvis .     a - +0 rapier
rCold  . . .     Gourm    .     b - +0 scale mail
rNeg   . . .     Faith    .     c - +0 shield
rPois  .         Spirit   .     (no helmet)
rElec  .         Dismiss  .     (no cloak)
rCorr  .         Reflect  .     (no gloves)
SustAt .         Harm     .     (no boots)
MR     .....                    (no amulet)
Stlth  ..........               (no ring)
                                (no ring)

@: not resistant to hostile enchantments, extremely unstealthy
A: change form in water, swift swim
a: no special abilities


You were on level 3 of the Dungeon.
You were not hungry.

You visited 1 branch of the dungeon, and saw 3 of its levels.

You collected 41 gold pieces.

Inventory:

Hand Weapons
 a - a +0 rapier (weapon)
Armour
 b - a +0 scale mail (worn)
 c - a +0 shield (worn)
 n - a +0 helmet
Scrolls
 e - a scroll of immolation {!r, unknown}
 h - 2 scrolls of identify {!r, unknown}
 j - a scroll of remove curse {!r, unknown}
 l - a scroll of teleportation {!r, unknown}
Potions
 d - a potion of might {!q}
 i - a potion of heal wounds {!q, unknown}
Comestibles
 f - a bread ration
 k - a meat ration


   Skills:
 - Level 3.2 Fighting
 + Level 5.6 Short Blades
 - Level 2.1 Armour
 - Level 3.0 Shields


You had 3 spell levels left.
You didn't know any spells.

Dungeon Overview and Level Annotations

Branches:
Dungeon (3/15)

Altars:
Makhleb
Vehumet

Annotations:
D:2 1 exclusion, Terence


Message History

The hobgoblin is heavily wounded.
You block the hobgoblin's attack.
You completely miss the hobgoblin.
The hobgoblin is heavily wounded.
The hobgoblin barely misses you.
You closely miss the hobgoblin.
The hobgoblin is heavily wounded.
Robin completely misses you. You block the hobgoblin's attack.
You block Robin's attack.
Items here: ( ))) †† You hit Robin but do no damage.
You block Robin's attack.
You hit Robin.
Robin is lightly wounded.
You block Robin's attack.
You hit Robin.
Robin is moderately wounded.
The hobgoblin hits you but does no damage.
You block the hobgoblin's attack. You block Robin's attack.
You hit Robin.
Robin is heavily wounded.
The hobgoblin hits you. You block the hobgoblin's attack.
Robin hits you with a spear of flaming. Robin burns you.
You hit Robin.
Robin is severely wounded.
The hobgoblin hits you.
* * * LOW HITPOINT WARNING * * *
The hobgoblin hits you with a club.
* * * LOW HITPOINT WARNING * * *
You block Robin's attack.
You barely miss Robin.
Robin is severely wounded.
You block the hobgoblin's attack. x2; Robin hits you with a spear of flaming.
* * * LOW HITPOINT WARNING * * *
Robin burns you.
* * * LOW HITPOINT WARNING * * *
You hit Robin.
Robin is almost dead.
You block the hobgoblin's attack. The hobgoblin closely misses you.
Robin hits you but does no damage.
You barely miss Robin.
Robin is almost dead.
The hobgoblin hits you but does no damage.
Robin hits you with a spear of flaming.
* * * LOW HITPOINT WARNING * * *
Robin burns you.
* * * LOW HITPOINT WARNING * * *
The hobgoblin hits you with a club.
* * * LOW HITPOINT WARNING * * *
You hit Robin.
Robin is almost dead.
The hobgoblin hits you.
* * * LOW HITPOINT WARNING * * *
You block Robin's attack. You block the hobgoblin's attack.
Drink which item? (? for menu, Esc to quit)
Really quaff
m - a red potion {!q}?
It was a potion of curing {!q}.
You feel better. You block the hobgoblin's attack.
Robin hits you with a spear of flaming.
* * * LOW HITPOINT WARNING * * *
Robin burns you.
* * * LOW HITPOINT WARNING * * *
You puncture Robin!
You kill Robin!
The hobgoblin hits you.
You die... ###+#.# #.#. #.....# #.#. #.....# #.#. .... #.....###.#. g.. #.......#.#. ## ggg

#....##.#.#. ... gg##
#.......# ##.## #.##$####
###.#.###### ...?. #g##.)@g#
#.........
......#.#####g######.#.######
......#.#####g#..............
.._.....g)g..w#.#####........
......#.#######.#####........
......#..######.......#....).
..... #....................#.
##.## #.........########.#.#.
.........######## #.#.#.


You could see a worm and 3 hobgoblins.

Vanquished Creatures
  A hound (D:2)
  Robin (D:3)
  2 adders (D:2)
  An adder skeleton (D:3)
  A dart slug (D:1)
  3 giant geckos
  2 orcs (D:3)
  A bat (D:1)
  A giant cockroach (D:2)
  5 goblins
  2 hobgoblins
  2 kobolds (D:2)
  2 ball pythons
  2 giant newts (D:2)
26 creatures vanquished.

Notes
Turn   | Place    | Note
--------------------------------------------------------------
     0 | D:1      | Amnesiac the Merfolk Fighter began the quest for the Orb.
     0 | D:1      | Reached XP level 1. HP: 18/18 MP: 1/1
    58 | D:1      | Reached skill level 3 in Short Blades
    59 | D:1      | Reached XP level 2. HP: 18/24 MP: 2/2
   208 | D:2      | Found a burning altar of Makhleb.
   232 | D:2      | Reached skill level 4 in Short Blades
   232 | D:2      | Reached XP level 3. HP: 14/29 MP: 3/3
   377 | D:2      | Noticed Terence
   420 | D:2      | Reached skill level 5 in Short Blades
   420 | D:2      | Reached XP level 4. HP: 21/35 MP: 4/4
   923 | D:3      | Found a radiant altar of Vehumet.
   926 | D:3      | Noticed Robin
   954 | D:3      | HP: 1/35 [hobgoblin[Robin] (3)]
   956 | D:3      | Killed Robin
   956 | D:3      | Slain by a hobgoblin

Skill      XL: |  1  2  3 |
---------------+----------+-----
Short Blades   | 3 4 5 |  5.6
Fighting       | |  3.2
Armour         | |  2.1
Shields        | |  3.0

Action                   |  1- 3 |  4- 6 || total
-------------------------+-------+-------++-------
Melee: Rapier            |    78 |    73 ||   151
  Use: Potion            |       |     1 ||     1
Armor: Scale mail        |    43 |    20 ||    63
Dodge: Dodged            |    19 |    16 ||    35
Block: Shield            |    42 |    38 ||    80
